[Event "Early-Titled-Tuesday-Blitz-May-14-2024"]
[Site "Chess.com"]
[Date "2024.05.14"]
[Round "11"]
[White "jasrom"]
[Black "yaguigor"]
[Result "1-0"]
[WhiteElo "2417"]
[BlackElo "2555"]
[TimeControl "180+1"]
[EndTime "10:06:48 PDT"]
[Termination "jasrom won by resignation"]

1. e4 d6 2. d4 Nf6 3. Nc3 c6 4. a4 Nbd7 5. Nf3 e5 6. Bc4 Be7 7.
O-O O-O 8. h3 a5 9. Re1 Nb6 10.
Bb3 Nfd7 11. Be3 Bf6 12. Qd2 Qe7 13. Rad1 h6 14. Nh2 Bg5 15. f4 exf4 16. Bxf4 Bxf4 17. Qxf4 c5 18. e5 dxe5 19. dxe5 c4 20. Ba2 Qb4 21. Ng4 Qxb2 22. Nxh6+ gxh6 23. Qxh6 Qxc3 24. Qg5+ Kh8 25. Re4 Qxc2 26. Rh4+ Qh7 27. Rxh7+ Kxh7 28. Bb1+ Kh8 29. Qh6+ 1-0

[Event "Early-Titled-Tuesday-Blitz-May-14-2024"]
[Site "Chess.com"]
[Date "2024.05.14"]
[Round "11"]
[White "crescentmoon2411"]
[Black "TigrVShlyape"]
[Result "1/2-1/2"]
[WhiteElo "2862"]
[BlackElo "2951"]
[TimeControl "180+1"]
[EndTime "10:06:49 PDT"]
[Termination "Game drawn - insufficient material"]

1. d4 f5 2. Nf3 Nf6 3. Nc3 e6 4. Bg5 h6 5. Bxf6 Qxf6 6. e4 Nc6 7. d5 Ne5 8. dxe6 Bb4 9. Nxe5 Qxe5 10. Qh5+ Kd8 11. O-O-O Bxc3 12. bxc3 Qxe6 13. exf5 Qf6 14. g4 d6 15. Bc4 Qxc3 16. Qh4+ Qf6 17. Qxf6+ gxf6 18.
h4 Bd7 19. Rde1 c6 20. Be6 Kc7 21. Bxd7 Kxd7 22. Re6 Raf8 23. Rd1 d5 24. c4 h5 25.
cxd5 c5 26. Rg1 hxg4 27. Rxg4 Rf7 28. Kc2 Rh5 29. Rf4 Rfh7 30. Rxf6 Rxh4 31. Rxh4 Rxh4 32. Rf7+ Kd6 33. Rxb7 Rf4 34. Rxa7 Rxf5 35. a4 Rxf2+ 36. Kc3 Kxd5 37. Rd7+ Kc6 38. Rd8 Rf4 39. Rc8+ Kb7 40. Rxc5 Rxa4 41. Rc4 Rxc4+ 42. Kxc4 1/2-1/2

[Event "Early-Titled-Tuesday-Blitz-May-14-2024"]
[Site "Chess.com"]
[Date "2024.05.14"]
[Round "11"]
[White "kanzaww"]
[Black "GeorgiosSouleidis"]
[Result "1-0"]
[WhiteElo "2528"]
[BlackElo "2669"]
[TimeControl "180+1"]
[EndTime "10:06:50 PDT"]
[Termination "kanzaww won by checkmate"]

1. e4 c5 2. Nf3 e6 3. d4 cxd4 4.
Nxd4 Nf6 5. Nc3 Nc6 6. Nxc6 bxc6 7. e5 Nd5 8. Ne4 Qc7 9. f4 Qb6 10. a3 Ne3 11. Qd3 Nxf1 12. Rxf1 Ba6 13. c4 f5 14. Nd6+ Bxd6 15. exd6 c5 16. Rf3 O-O 17. Rg3 Bb7 18.
b3 Rf7 19. Bb2 Raf8 20. O-O-O Rf6 21. Bxf6 Rxf6 22. Qc3 Kf7 23. Kb2 a5 24. Qe5 Be4 25. Qc3 Bc6 26. Qe3 Be4 27. Qe2 a4 28. Qh5+ Rg6 29.
Re1 Kg8 30. Ree3 axb3 31. Rxg6 hxg6 32. Qxg6 Qxd6 33. Qe8+ Kh7 34. Rh3# 1-0

[Event "Early-Titled-Tuesday-Blitz-May-14-2024"]
[Site "Chess.com"]
[Date "2024.05.14"]
[Round "11"]
[White "SharapovEvgeny"]
[Black "LangesNasenhaar"]
[Result "1-0"]
[WhiteElo "2635"]
[BlackElo "2483"]
[TimeControl "180+1"]
[EndTime "10:06:51 PDT"]
[Termination "SharapovEvgeny won by checkmate"]

1. e4 g6 2. d4 Bg7 3. Nc3 c6 4. f4 d5 5. e5 Nh6 6. Nf3 f6 7.
Be3 Bg4 8. h3 Bxf3 9. Qxf3 O-O 10.
exf6 exf6 11. O-O-O f5 12. g4 Nd7 13. g5 Nf7 14. h4 Re8 15. h5 Nf8 16. hxg6 hxg6 17.
Bd3 Ne6 18. Qh3 Nh8 19. Bxf5 gxf5 20. Qh7+ Kf8 21. Qxf5+ Ke7 22. Rh7 Kd6 23. Qg4 Qe7 24. f5 Ng6 25. fxe6 Kc7 26. Bf4+ Kb6 27. Na4+ Ka5 28.
Nc5 b6 29. Bd2+ Kb5 30. Qe2# 1-0

[Event "Early-Titled-Tuesday-Blitz-May-14-2024"]
[Site "Chess.com"]
[Date "2024.05.14"]
[Round "11"]
[White "elcala"]
[Black "Louis-Paulsen-Fan"]
[Result "1-0"]
[WhiteElo "1976"]
[BlackElo "2319"]
[TimeControl "180+1"]
[EndTime "10:06:53 PDT"]
[Termination "elcala won by checkmate"]

1. d4 d5 2. Bf4 e6 3. Nf3 Bd6 4. Bg3 Nf6 5. e3 O-O 6. Nbd2 c5 7. c3 b6 8. Bd3 Bb7 9. Ne5 Nc6 10. Ndf3 Ne4 11. Nxc6 Bxc6 12. Bxd6 Qxd6 13. Ne5 f6 14. Nxc6 Qxc6 15. Bxe4 dxe4 16. O-O Rfd8 17. Qg4 f5 18. Qg5 h6 19. Qg6 Rac8 20. dxc5 bxc5 21. Rfd1 Rd3 22. Kf1 Rcd8 23. Ke2 c4 24. Rxd3 exd3+ 25. Kd2 Rf8 26. b3 f4 27. exf4 Rxf4 28. f3 Rf6 29. Qg4 cxb3 30. axb3 Qb6 31. Kxd3 Qxb3 32. Rxa7 Qb1+ 33. Kd2 Qb2+ 34. Kd3 Qb6 35. Qxg7# 1-0

[Event "Early-Titled-Tuesday-Blitz-May-14-2024"]
[Site "Chess.com"]
[Date "2024.05.14"]
[Round "11"]
[White "Alenzer"]
[Black "maurovargas01"]
[Result "1-0"]
[WhiteElo "2201"]
[BlackElo "1941"]
[TimeControl "180+1"]
[EndTime "10:06:53 PDT"]
[Termination "Alenzer won by checkmate"]

1. e4 d5 2. exd5 Qxd5 3. Nc3 Qa5 4. d4 c6 5. Nf3 Nf6 6. Bd2 Bg4 7. h3 Bh5 8. g4 Bg6 9. Ne5 Nbd7 10. Nxd7 Nxd7 11.
Bg2 Qb6 12. d5 Qxb2 13. dxc6 bxc6 14. Bxc6 Rc8 15. Bxd7+ Kd8 16. Bxc8 Kxc8 17. Rb1 Qxc2 18. Qxc2 Bxc2 19. Rc1 Bg6 20. Nb5+ Kb7 21. Rc7+ Kb6 22. Be3+ Kxb5 23. Rxa7 e5 24. a4+ Kc6 25. Ke2 Be4 26. Rc1+ Kd5 27. Rxf7 Ke6 28. Ra7 Ba3 29. Rc3 Bb4 30.
Rb3 Bd6 31. Rxg7 Rc8 32. a5 Rc2+ 33. Bd2 Bd5 34. Rb6 Bc4+ 35. Kd1 Bd3 36. Bb4 Rxf2 37. Rxd6# 1-0

[Event "Early-Titled-Tuesday-Blitz-May-14-2024"]
[Site "Chess.com"]
[Date "2024.05.14"]
[Round "11"]
[White "Yaacovn"]
[Black "RojonR"]
[Result "0-1"]
[WhiteElo "2770"]
[BlackElo "2629"]
[TimeControl "180+1"]
[EndTime "10:06:55 PDT"]
[Termination "RojonR won by resignation"]

1. d4 Nf6 2. e3 e6 3. Bd3 c5 4. c3 Nc6 5. f4 Be7 6. Nf3 O-O 7. O-O d6 8. e4 cxd4 9. cxd4 Nb4 10. Nc3 Nxd3 11.
Qxd3 b5 12. Qxb5 a5 13. Rd1 Ba6 14. Qa4 d5 15. e5 Ne4 16. Qc2 Rc8 17. Be3 Bb4 18.
Bd2 f6 19. Rac1 fxe5 20. Nxe5 Qb6 21. Be3 Bxc3 22. bxc3 Rxc3 23. Qxc3 Nxc3 24. Rxc3 Bc4 25. Rc2 Qb4 26. h3 Rb8 27. Nc6 Qa4 28. Nxb8 Qxc2 29.
Rd2 Qc3 30. Kf2 Bb5 31. a4 Bxa4 32. Na6 Bb3 33. Nc5 a4 34. Rd3 Qc2+ 35. Rd2 Qc4 36.
Nxe6 a3 37. f5 a2 38. Rxa2 Bxa2 39. Bf4 Qc2+ 40. Kg3 Qxf5 0-1

[Event "Early-Titled-Tuesday-Blitz-May-14-2024"]
[Site "Chess.com"]
[Date "2024.05.14"]
[Round "11"]
[White "CD3m"]
[Black "carloseduar100"]
[Result "0-1"]
[WhiteElo "2352"]
[BlackElo "2251"]
[TimeControl "180+1"]
[EndTime "10:06:58 PDT"]
[Termination "carloseduar100 won by checkmate"]

1. e4 e6 2. d4 d5 3. exd5 exd5 4. Nf3 Bd6 5. c4 Nf6 6. c5 Be7 7. Qa4+ c6 8. Qc2 O-O 9. Bd3 Re8 10. O-O Bg4 11.
Ne5 Bh5 12. Nc3 Nbd7 13. Bf4 Nf8 14. b4 a6 15. a4 N6d7 16. b5 axb5 17. axb5 Rxa1 18.
Rxa1 Nxe5 19. Bxe5 Bg6 20. b6 Bxd3 21. Qxd3 Ng6 22.
Bc7 Qd7 23. g3 Bf6 24. Ra2 Qh3 25. Ne2 h5 26. f3 h4 27. g4 Bxd4+ 28. Qxd4 Qxf3 29.
Nf4 Re1# 0-1

[Event "Early-Titled-Tuesday-Blitz-May-14-2024"]
[Site "Chess.com"]
[Date "2024.05.14"]
[Round "11"]
[White "BillCoe"]
[Black "ploxoi"]
[Result "0-1"]
[WhiteElo "2186"]
[BlackElo "2344"]
[TimeControl "180+1"]
[EndTime "10:06:58 PDT"]
[Termination "ploxoi won by resignation"]

1. e4 c5 2. Nf3 d6 3. d4 cxd4 4.
Nxd4 Nf6 5. Nc3 a6 6. h3 h5 7.
g3 e5 8. Nde2 Be6 9. Bg2 Nbd7 10. Be3 Rc8 11. b3 b5 12. Nd5 Nxd5 13. exd5 Bf5 14. Rc1 Be7 15. c4 bxc4 16. bxc4 O-O 17. O-O Qa5 18. Qd2 Bd8 19. Kh2 Qxd2 20. Bxd2 Bd3 21.
Rfe1 Bxc4 22. Bb4 Be7 23. a3 f5 24. f3 Bxd5 25. Rcd1 Bb3 26. Rd2 Nc5 27. Nc3 h4 28.
Nd5 hxg3+ 29. Kxg3 Bg5 30. Bxc5 Bxd2 31. Ne7+ Kf7 32.
Nxc8 Bxe1+ 0-1

[Event "Early-Titled-Tuesday-Blitz-May-14-2024"]
[Site "Chess.com"]
[Date "2024.05.14"]
[Round "11"]
[White "MyDream003"]
[Black "GothamChess"]
[Result "1-0"]
[WhiteElo "2853"]
[BlackElo "2738"]
[TimeControl "180+1"]
[EndTime "10:07:01 PDT"]
[Termination "MyDream003 won by resignation"]

1. Nf3 g6 2. b3 Bg7 3. d4 d6 4.
Bb2 f5 5. e3 Nf6 6. Be2 O-O 7.
O-O Nc6 8. c4 Ne4 9. Nc3 Nxc3 10. Bxc3 e5 11. dxe5 dxe5 12. Qd5+ Kh8 13. Qc5 Qe8 14.
Rfd1 b6 15. Qa3 Be6 16. Qb2 Bg8 17. b4 Qe7 18. b5 e4 19. bxc6 exf3 20. Rd7 Bxc3 21.
Qxc3+ Qf6 22. Qxf6+ Rxf6 23. Bxf3 Rc8 24. Bd5 Be6 25.
Re7 Bg8 26. Rd1 Rd6 27. f3 b5 28. Rd7 bxc4 29. Rxd6 cxd6 30. e4 Kg7 31. Kf2 Kf6 32.
Ke3 c3 33. Bxg8 c2 34. Rc1 Rxg8 35. Rxc2 Rc8 36. exf5 Kxf5 37. Kd4 Ke6 38. Re2+ 1-0

[Event "Early-Titled-Tuesday-Blitz-May-14-2024"]
[Site "Chess.com"]
[Date "2024.05.14"]
[Round "11"]
[White "Gumugama"]
[Black "guillembaches"]
[Result "1-0"]
[WhiteElo "2328"]
[BlackElo "2536"]
[TimeControl "180+1"]
[EndTime "10:07:04 PDT"]
[Termination "Gumugama won by checkmate"]

1. e4 d5 2. exd5 Qxd5 3. Nf3 Bg4 4. Be2 Nc6 5. Nc3 Qd7 6. h3 Bxf3 7. Bxf3 O-O-O 8. d3 Nd4 9. Be3 e5 10. Bxd4 Qxd4 11.
Qe2 Bb4 12. O-O Bxc3 13. bxc3 Qxc3 14. Qe4 c6 15. Qg4+ Kb8 16. Qxg7 Ne7 17. Qxf7 Nd5 18.
Rab1 Nb6 19. a4 Rhf8 20. Qxh7 Rxf3 21. gxf3 Rd7 22. Qg8+ Kc7 23. a5 Qxa5 24. Kh2 Qd2 25. Qg3 Re7 26. Rbe1 Nd5 27. Rxe5 Rxe5 28. Qxe5+ Kc8 29.
Rg1 Qxf2+ 30. Rg2 Qxf3 31. Rg8+ Kd7 32. Rg7+ Kd8 33. Qb8# 1-0

[Event "Early-Titled-Tuesday-Blitz-May-14-2024"]
[Site "Chess.com"]
[Date "2024.05.14"]
[Round "11"]
[White "CristianS27"]
[Black "LeoWin2012"]
[Result "1-0"]
[WhiteElo "2533"]
[BlackElo "2329"]
[TimeControl "180+1"]
[EndTime "10:07:05 PDT"]
[Termination "CristianS27 won on time"]

1. e4 e5 2. Nf3 Nc6 3. Bc4 Bc5 4. c3 Nf6 5. d4 exd4 6. cxd4 Bb4+ 7. Nc3 Nxe4 8. O-O Nxc3 9. bxc3 Be7 10. d5 Na5 11. Qd4 O-O 12. Bd3 Bf6 13. Qe4 g6 14. Re1 d6 15. Bh6 Bf5 16. Qa4 Bxd3 17. Bxf8 Bxc3 18. Bh6 b5 19. Qf4 Qf6 20. Qxf6 Bxf6 21. Rad1 Bf5 22. a4 bxa4 23. Rc1 a3 24. Rxc7 a2 25. Rxa7 Rb8 26. Rxa5 Bb1 27. Rb5 Rc8 28. Rbxb1 axb1=Q 29.
Rxb1 Bg7 30. Bxg7 Kxg7 31. g3 1-0

[Event "Early-Titled-Tuesday-Blitz-May-14-2024"]
[Site "Chess.com"]
[Date "2024.05.14"]
[Round "11"]
[White "SanchezKelvin"]
[Black "TheAlienParty"]
[Result "0-1"]
[WhiteElo "2572"]
[BlackElo "2437"]
[TimeControl "180+1"]
[EndTime "10:07:12 PDT"]
[Termination "TheAlienParty won by resignation"]

1. d4 Nf6 2. c4 e6 3. Nc3 Bb4 4. Nf3 d5 5. cxd5 exd5 6. Bg5 h6 7. Bxf6 Qxf6 8. e3 O-O 9. Bd3 Bf5 10. Bxf5 Qxf5 11.
Qb1 Qg4 12. O-O c6 13. Ne5 Qh5 14. Ne2 Bd6 15. Ng3 Qg5 16. f4 Qd8 17. Nf5 f6 18.
Ng6 Re8 19. Rf3 c5 20. Rg3 Re4 21.
Qd1 cxd4 22. Qh5 Rxe3 23. Nxe3 dxe3 24. Rxe3 Bc5 25. Re1 Nc6 26. Kh1 Bxe3 27. Rxe3 d4 28. Rd3 Qe8 29. Rd1 Qe4 30. f5 Re8 31. h3 d3 32. Qg4 Qe2 33. Qc4+ Kh7 34. Qxd3 Qxb2 35. Qd7 Rd8 36. Qxd8 Nxd8 37. Rxd8 Qc1+ 38. Kh2 Qc7+ 0-1

[Event "Early-Titled-Tuesday-Blitz-May-14-2024"]
[Site "Chess.com"]
[Date "2024.05.14"]
[Round "11"]
[White "AnaKuchava"]
[Black "NowInChess"]
[Result "1-0"]
[WhiteElo "2194"]
[BlackElo "2230"]
[TimeControl "180+1"]
[EndTime "10:07:12 PDT"]
[Termination "AnaKuchava won on time"]

1. d4 Nf6 2. c4 c5 3. d5 b5 4. cxb5 a6 5. b6 d6 6. Nc3 Nbd7 7. e4 Nxb6 8. Nf3 g6 9. Bd3 Bg7 10. h3 O-O 11. O-O Rb8 12. Qe2 c4 13. Bxc4 Nxc4 14. Qxc4 Qb6 15. Rb1 Bd7 16. Re1 Rfc8 17. Qd3 Rxc3 18.
Qxc3 Nxe4 19. Qe3 Nc5 20. Bd2 Bf5 21. Rbd1 Qxb2 22. Qxe7 Nd3 23. Re2 Qf6 24. Qxf6 Bxf6 25. Ba5 Nc5 26. Bc7 Rc8 27. Bxd6 Ne4 28. Bb4 Rb8 29.
g4 Rxb4 30. gxf5 Nc3 31. Re8+ Kg7 32. Rd2 Rb1+ 33. Kg2 Bg5 34. Nxg5 h6 35. Nf3 gxf5 36. d6 1-0

[Event "Early-Titled-Tuesday-Blitz-May-14-2024"]
[Site "Chess.com"]
[Date "2024.05.14"]
[Round "11"]
[White "ContrVersia"]
[Black "Legendinunknown"]
[Result "0-1"]
[WhiteElo "2887"]
[BlackElo "2840"]
[TimeControl "180+1"]
[EndTime "10:07:14 PDT"]
[Termination "Legendinunknown won by resignation"]

1. Nf3 Nf6 2. c4 g6 3. g3 Bg7 4. Bg2 O-O 5. O-O c6 6. b3 d5 7. Bb2 Bf5 8. d3 Nbd7 9. Nbd2 Re8 10. Nh4 Be6 11. Qc2 Rc8 12. Rad1 b5 13. e4 Qa5 14. Bc3 Qa6 15. e5 Nh5 16. f4 f5 17. Nhf3 Bf7 18.
Qb2 e6 19. cxd5 cxd5 20. Bb4 Bf8 21. Bxf8 Kxf8 22. b4 Qb6+ 23. Nd4 Rc7 24. Nb3 Rec8 25. Rc1 g5 26. fxg5 Nxe5 27. Nc5 Nxd3 28. Ndxe6+ Bxe6 29. Qh8+ Kf7 30. Qxh7+ Ng7 31. Rcd1 Rxc5 32. g6+ Kf8 33.
bxc5 Qxc5+ 34. Kh1 Nf2+ 35. Rxf2 Qxf2 36. Qh8+ Bg8 37.
Qh4 Qe2 38. Qf6+ Ke8 39. Qa1 Qe7 40. Re1 Be6 41. h4 Rd8 42. Qe5 d4 43. Bc6+ Kf8 44.
Bxb5 d3 45. h5 d2 46. Rd1 Bd5+ 0-1

[Event "Early-Titled-Tuesday-Blitz-May-14-2024"]
[Site "Chess.com"]
[Date "2024.05.14"]
[Round "11"]
[White "Acva-Alenok"]
[Black "kuchma777"]
[Result "1-0"]
[WhiteElo "2381"]
[BlackElo "2520"]
[TimeControl "180+1"]
[EndTime "10:07:19 PDT"]
[Termination "Acva-Alenok won by checkmate"]

1. d4 c6 2. c4 d5 3. cxd5 cxd5 4. Nc3 Nf6 5. Bf4 a6 6. Rc1 Nc6 7. e3 g6 8. Bd3 Bg7 9. Nf3 O-O 10. O-O Bf5 11. Na4 Bxd3 12. Qxd3 Ne4 13. Nd2 Nxd2 14. Qxd2 e6 15. Nc5 Qe7 16. Rc2 a5 17. a3 h5 18.
h3 Rfc8 19. Rfc1 Nd8 20. Na4 Rc6 21. Rxc6 Nxc6 22. Qd3 Bf6 23. Qb5 Kg7 24. Nc5 Nd8 25. Nd7 Kh7 26. Nxf6+ Qxf6 27. Rc7 Ra6 28. Be5 Qg5 29.
Qe8 Rc6 30. Qh8# 1-0

[Event "Early-Titled-Tuesday-Blitz-May-14-2024"]
[Site "Chess.com"]
[Date "2024.05.14"]
[Round "11"]
[White "Pomegranate988"]
[Black "vladgoncharov"]
[Result "1-0"]
[WhiteElo "2653"]
[BlackElo "2569"]
[TimeControl "180+1"]
[EndTime "10:07:23 PDT"]
[Termination "Pomegranate988 won on time"]

1. e4 e6 2. Qe2 c5 3. Nf3 Nc6 4. b3 e5 5. Nc3 d6 6. h3 h6 7. Nd5 Be6 8. c4 Be7 9. d3 Bg5 10. Bb2 Rc8 11. h4 Be7 12. g3 Qd7 13. Bg2 Nf6 14. O-O-O Nd4 15. Nxd4 cxd4 16. Kb1 Bg4 17. f3 Be6 18. f4 Bxd5 19. exd5 Qc7 20. Rhe1 O-O 21. fxe5 dxe5 22. Bxd4 exd4 23. Qxe7 Qxg3 24. Qe2 Rfe8 25. Qd2 Re3 26. Rxe3 dxe3 27. Qe2 Re8 28. c5 Qxh4 29. d6 Qd4 30. Rc1 b6 31. Rc4 Qe5 32. d4 Qf5+ 33. Kb2 bxc5 34. dxc5 Qe5+ 35. Ka3 1-0

[Event "Early-Titled-Tuesday-Blitz-May-14-2024"]
[Site "Chess.com"]
[Date "2024.05.14"]
[Round "11"]
[White "EvgenyBurmakin"]
[Black "Raskolnikov6"]
[Result "1-0"]
[WhiteElo "2323"]
[BlackElo "2417"]
[TimeControl "180+1"]
[EndTime "10:07:23 PDT"]
[Termination "EvgenyBurmakin won by resignation"]

1. e4 e5 2. Nf3 Nc6 3. Bb5 a6 4. Ba4 Nf6 5. O-O b5 6. Bb3 Bc5 7. Re1 O-O 8. c3 d6 9. d4 Bb6 10. h3 h6 11. Be3 exd4 12. cxd4 Na5 13. Bc2 Bb7 14. Nbd2 Re8 15. b4 Nc4 16. Nxc4 bxc4 17. d5 Bxe3 18. Rxe3 c6 19. dxc6 Bxc6 20. Qe2 d5 21.
Rd1 Qb6 22. e5 Nh5 23. Nd4 Nf4 24. Qf3 Ne6 25. Nxc6 Qxc6 26. Qxd5 Qxd5 27. Rxd5 Rec8 28. Rc3 Nf4 29. Rd2 Rd8 30. Rxd8+ Rxd8 31. Rxc4 Rd2 32. Rc8+ 1-0

[Event "Early-Titled-Tuesday-Blitz-May-14-2024"]
[Site "Chess.com"]
[Date "2024.05.14"]
[Round "11"]
[White "GMSrinath"]
[Black "savitha1030"]
[Result "1-0"]
[WhiteElo "2834"]
[BlackElo "2567"]
[TimeControl "180+1"]
[EndTime "10:07:28 PDT"]
[Termination "GMSrinath won by resignation"]

1. Nf3 c5 2. c4 Nf6 3. Nc3 Nc6 4. d4 cxd4 5. Nxd4 g6 6. g3 Bg7 7. Bg2 O-O 8. O-O a6 9. b3 Nxd4 10. Qxd4 d5 11. Bb2 dxc4 12. Qxc4 Be6 13. Qb4 Rb8 14. Rfd1 Nd7 15. Rac1 Bf6 16. Na4 Bxb2 17. Nxb2 Qb6 18. Qxe7 Ne5 19. Qf6 Ng4 20. Qf4 Rbd8 21. h3 Rxd1+ 22.
Nxd1 Nxf2 23. Qxf2 Qa5 24. Nc3 Rc8 25. Qe3 b5 26.
Ne4 Rd8 27. Nf6+ Kg7 28. Qe5 Qd2 29. Ne4+ 1-0

[Event "Early-Titled-Tuesday-Blitz-May-14-2024"]
[Site "Chess.com"]
[Date "2024.05.14"]
[Round "11"]
[White "C_K_G"]
[Black "Cherepov_Alexej"]
[Result "1-0"]
[WhiteElo "2307"]
[BlackElo "2414"]
[TimeControl "180+1"]
[EndTime "10:07:28 PDT"]
[Termination "C_K_G won by checkmate"]

1. e4 Nf6 2. e5 Nd5 3. Nc3 e6 4.
Nxd5 exd5 5. d4 d6 6. Nf3 Bg4 7. Be2 Nc6 8. exd6 Bxd6 9. O-O Qd7 10. h3 Bf5 11. Re1 O-O-O 12. Bb5 f6 13. c4 dxc4 14. d5 Bb4 15. Qa4 Qxd5 16. Bxc6 Qxc6 17. Qxb4 Bxh3 18.
Bf4 g5 19. Bg3 Bxg2 20. Re7 Rd7 21. Rxd7 Kxd7 22. Rd1+ Kc8 23. Nd4 Qd5 24. Qe7 Qd7 25. Qxd7+ Kxd7 26. Kxg2 c6 27. Nf5+ Ke6 28. Ng7+ Kf7 29.
Rd7+ Kg6 30. Kf3 b5 31. Ne6 Re8 32. Rg7+ Kf5 33. Nd4# 1-0

[Event "Early-Titled-Tuesday-Blitz-May-14-2024"]
[Site "Chess.com"]
[Date "2024.05.14"]
[Round "11"]
[White "Alphafischer2019"]
[Black "average_trans"]
[Result "1-0"]
[WhiteElo "2666"]
[BlackElo "2387"]
[TimeControl "180+1"]
[EndTime "10:07:30 PDT"]
[Termination "Alphafischer2019 won by checkmate"]

1. Nf3 d5 2. g3 c5 3. Bg2 Nc6 4. d4 cxd4 5. Nxd4 e5 6. Nxc6 bxc6 7. c4 Be6 8. Nc3 Bb4 9. O-O Bxc3 10. bxc3 Ne7 11.
Ba3 O-O 12. Qa4 dxc4 13. Rfd1 Qc7 14. Bd6 Qd8 15. Bxe5 Qb6 16. Rab1 Qc5 17. Bd6 Qg5 18. h4 Qf6 19. Rb7 Nd5 20. Bxf8 Nxc3 21. Be7 Qf5 22. Qxc6 Nxd1 23. Rb1 Qxf2+ 24. Kh2 Rc8 25. Rxd1 h6 26. Qf3 Qb6 27. Rc1 Qb2 28. Qa3 Qxe2 29. Qf3 Qxa2 30.
Bb4 Qb2 31. Qc3 Qe2 32. Rc2 Qd1 33. Rd2 Qb3 34. Rb2 Qd1 35. Qe5 Qa1 36. Bc3 Kf8 37. Qxg7+ Ke8 38. Rb7 Qa3 39. Bb4 Qxb4 40. Rxb4 c3 41.
Rb7 c2 42. Qg8# 1-0

[Event "Early-Titled-Tuesday-Blitz-May-14-2024"]
[Site "Chess.com"]
[Date "2024.05.14"]
[Round "11"]
[White "Timerkhanov"]
[Black "GrotBchess"]
[Result "1-0"]
[WhiteElo "2699"]
[BlackElo "2536"]
[TimeControl "180+1"]
[EndTime "10:07:30 PDT"]
[Termination "Timerkhanov won on time"]

1. d4 Nf6 2. Bg5 e6 3. Nd2 d5 4. e3 Be7 5. Bd3 Nbd7 6. f4 h6 7. Bxf6 Bxf6 8. Ngf3 c5 9. c3 a5 10. O-O a4 11. a3 b6 12. Qe2 Qc7 13. Ne5 Bb7 14. Bb5 Bxe5 15. fxe5 Bc6 16. Bd3 f5 17. exf6 Nxf6 18. Bg6+ Ke7 19. Nf3 Be8 20. Ne5 Nd7 21. Bxe8 Nxe5 22. Bh5 Nd7 23. Rf7+ Kd6 24. Raf1 Raf8 25.
Qb5 Rxf7 26. Rxf7 Qc6 27. Qxc6+ Kxc6 28. Rxg7 Nf6 29. Bf3 Kd6 30. Rg6 Nd7 31. Be2 c4 32. h4 Ke7 33. Rg7+ Kd6 34. g4 e5 35. g5 hxg5 36. hxg5 exd4 37. exd4 Re8 38. Bg4 Nb8 39. Rg6+ Kc7 40. Rf6 Nc6 41. g6 Rg8 42. Be6 Rd8 43. g7 Ne7 44. Rf8 Rd6 45. Rf7 1-0

[Event "Early-Titled-Tuesday-Blitz-May-14-2024"]
[Site "Chess.com"]
[Date "2024.05.14"]
[Round "11"]
[White "MeesvanOsch"]
[Black "Incognizance"]
[Result "1-0"]
[WhiteElo "2364"]
[BlackElo "1965"]
[TimeControl "180+1"]
[EndTime "10:07:30 PDT"]
[Termination "MeesvanOsch won by resignation"]

1. e4 c5 2. Nf3 d6 3. d4 cxd4 4. Nxd4 Nf6 5. Nc3 g6 6. Be3 Bg7 7. f3 O-O 8. Qd2 Nc6 9. O-O-O d5 10. exd5 Nxd5 11. Nxc6 bxc6 12. Nxd5 cxd5 13. Qxd5 Qc7 14.
Qc5 Qb7 15. Qb5 Qc7 16. Qc4 Qe5 17. Qd4 Qb8 18. Qc4 Qxb2+ 19. Kd2 Rd8+ 20. Bd3 Be6 21. Qa4 Bc3+ 22. Ke2 Bd4 23. Rb1 Qc3 24. Qb4 Qxb4 25.
Rxb4 Bxe3 26. Kxe3 a5 27. Rb7 Rd7 28. Rxd7 Bxd7 29.
Rb1 Be6 30. a3 Ra7 31. Rb6 h5 32. Bxg6 fxg6 33. Rxe6 Kf7 34. Rc6 e6 35. c4 Kf6 36.
Kd4 Rd7+ 37. Kc3 Rd1 38. c5 Rg1 39. Ra6 Rxg2 40. c6 Rg1 41. Kd4 Rd1+ 42. Kc5 Rc1+ 43. Kd6 Rd1+ 44. Kc7 Ke7 45. Rxa5 Rd8 46. Ra7 Re8 47.
a4 Kf6 48. Kd6 Rd8+ 49. Rd7 Ra8 50. c7 Ra6+ 51. Kc5 Ra8 52. Rd8 Ra7 53. c8=Q 1-0

[Event "Early-Titled-Tuesday-Blitz-May-14-2024"]
[Site "Chess.com"]
[Date "2024.05.14"]
[Round "11"]
[White "Niktlt"]
[Black "Kotofeyca"]
[Result "0-1"]
[WhiteElo "2679"]
[BlackElo "2520"]
[TimeControl "180+1"]
[EndTime "10:07:32 PDT"]
[Termination "Kotofeyca won by resignation"]

1. d4 d5 2. c4 c6 3. Nc3 Nf6 4. e3 a6 5. Nf3 Bg4 6. Be2 e6 7. Ne5 Bxe2 8. Qxe2 Nbd7 9. f4 Bb4 10. Bd2 O-O 11. O-O Bxc3 12. bxc3 Ne4 13. cxd5 cxd5 14. Nf3 b5 15. a4 bxa4 16. Rxa4 Nb6 17. Rxa6 Rxa6 18.
Qxa6 Nc4 19. Bc1 Nxc3 20. f5 exf5 21. Ne5 Ne2+ 22. Kh1 Qh4 23. Nf3 Qe4 24. Nd2 Qd3 25.
Re1 Nxc1 26. Nxc4 Nb3 27. Qa2 dxc4 28. h3 g6 29. Rb1 Qxe3 30. Qc2 Qxd4 31. Rd1 Qc5 32.
Rb1 Rc8 33. Re1 Nd4 34. Qf2 c3 35. Rc1 c2 36. Kh2 Qc3 37. Kg1 h5 38. Kf1 Qd3+ 39.
Kg1 Ne2+ 0-1

[Event "Early-Titled-Tuesday-Blitz-May-14-2024"]
[Site "Chess.com"]
[Date "2024.05.14"]
[Round "11"]
[White "ccccvhhhj"]
[Black "Crazy_girl99"]
[Result "0-1"]
[WhiteElo "2450"]
[BlackElo "2631"]
[TimeControl "180+1"]
[EndTime "10:07:35 PDT"]
[Termination "Crazy_girl99 won on time"]

1. e4 e5 2. Nf3 Nc6 3. d4 exd4 4.
Nxd4 Nf6 5. Bb5 Bc5 6. Nb3 Bb6 7. Nc3 O-O 8. Bg5 d6 9. O-O Be6 10. Kh1 h6 11. Bh4 Ne5 12. f4 Neg4 13. Qf3 Ne3 14. e5 Bg4 15. Qxb7 Rb8 16. Qc6 Nxf1 17. exf6 Ne3 18. Nd5 Nxd5 19. Qxd5 g6 20. Bd3 Be6 21. Qf3 Qd7 22. h3 c5 23. f5 Bxf5 24. Qf4 Kh7 25. Bg5 Bxd3 0-1

[Event "Early-Titled-Tuesday-Blitz-May-14-2024"]
[Site "Chess.com"]
[Date "2024.05.14"]
[Round "11"]
[White "Niilo1"]
[Black "DumbKing75"]
[Result "1-0"]
[WhiteElo "2377"]
[BlackElo "2646"]
[TimeControl "180+1"]
[EndTime "10:07:39 PDT"]
[Termination "Niilo1 won by resignation"]

1. e4 c5 2. Nf3 d6 3. d4 cxd4 4. Nxd4 Nf6 5. Nc3 Nc6 6. Bg5 e6 7. Qd2 a6 8. O-O-O Bd7 9. f4 b5 10. Bxf6 gxf6 11. Kb1 Qb6 12. Nf3 b4 13. Ne2 a5 14. f5 a4 15. fxe6 fxe6 16. g3 O-O-O 17. Bh3 Ne5 18. Nfd4 Re8 19. Rhf1 Bg7 20. Nf4 Bh6 21.
Qe1 Bxf4 22. Rxf4 Rhf8 23. Qe2 Qc5 24. c3 Kb8 25. cxb4 Qxb4 26. Nc2 Qb6 27. Rd4 Ka8 28. Rf1 Rc8 29. Rb4 Qc5 30. Qa6+ Qa7 31. Qxd6 Rc6 32. Qxf8+ Rc8 33. Qxf6 Nd3 34. Rd4 Nc5 35. Rfd1 Rb8 36. Qe7 Qb6 37. Rb4 Qc7 38. Rxb8+ Kxb8 39. Qd6 1-0

[Event "Early-Titled-Tuesday-Blitz-May-14-2024"]
[Site "Chess.com"]
[Date "2024.05.14"]
[Round "11"]
[White "ViktoriyaTarasova"]
[Black "DvaHrasta"]
[Result "0-1"]
[WhiteElo "2327"]
[BlackElo "2514"]
[TimeControl "180+1"]
[EndTime "10:07:40 PDT"]
[Termination "DvaHrasta won by resignation"]

1. d4 Nf6 2. c4 e6 3. Nc3 Bb4 4. Nf3 b6 5. e3 Bb7 6. Bd3 O-O 7. O-O d5 8. cxd5 exd5 9. Ne5 Bd6 10. f4 a6 11. Qf3 c5 12. Qh3 Nc6 13. g4 cxd4 14. exd4 Nxd4 15. g5 Ne4 16. Be3 Ne6 17. Bxe4 dxe4 18.
Rad1 Qe7 19. Ng4 Bc5 20. Kh1 Rad8 21. Qg3 Rd3 22. Nf6+ Kh8 23. Ncd5 Bxd5 24. Nxd5 Qb7 25. Rxd3 exd3 26. Qf3 Rd8 27. Nc3 Qxf3+ 28. Rxf3 d2 29. Nd1 Rd3 30. f5 Nxg5 31. Rg3 Bxe3 32. Rxe3 Rxe3 33.
Nxe3 Ne4 34. Nd1 Nd6 35. Kg2 Nxf5 36. Kf2 Nd6 37. Ke2 Ne4 38. Ke3 f5 39. Kf4 g6 0-1